 Dungeon Crawl Stone Soup version 0.17.2 (webtiles) character file.

629 Charly the Insei (level 7, -18/34 HPs)
             Began as a Vine Stalker Transmuter on July 15, 2016.
             Killed from afar by an orc (24 damage)
             ... with an exploding inner flame
             ... hexed by the player character
             ... on level 4 of the Dungeon.
             The game lasted 00:15:36 (879 turns).

Charly the Insei (Vine Stalker Transmuter)           Turns: 879, Time: 00:15:46

Health: -18/34     AC:  2    Str: 13    XL:     7   Next: 48%
Magic:  0/11       EV: 12    Int: 15    God:
Gold:   21         SH:  0    Dex: 14    Spells: 2 memorised, 5 levels left

rFire  . . .     SeeInvis .       - Unarmed
rCold  . . .     Clarity  +     b - +0 robe
rNeg   . . .     SustAt   .     (no shield)
rPois  .         Gourm    .     (no helmet)
rElec  .         Spirit   +     (no cloak)
rCorr  .         Warding  .     (no gloves)
rMut   .         Stasis   .     (no boots)
MR     .....                    q - amulet of clarity
Stlth  +.........               (no ring)
                                (no ring)

@: about to teleport, not resistant to hostile enchantments, very unstealthy
A: fangs 2, regeneration 2, magic shield, antimagic bite, no device heal 3, rot
immunity
a: no special abilities


You were on level 4 of the Dungeon.
You were not hungry.

You visited 1 branch of the dungeon, and saw 5 of its levels.

You collected 21 gold pieces.

Inventory:

Missiles
 a - 39 arrows
Armour
 b - a +0 robe (worn)
 s - a +1 helmet
 u - a +0 cloak
Jewellery
 q - an amulet of clarity (around neck)
Scrolls
 g - a scroll of magic mapping
 p - a scroll of enchant armour
Potions
 e - a potion of haste {unknown}
 f - a potion of agility {unknown}
 k - a potion of heal wounds {unknown}
 l - 2 potions of mutation {unknown}
 m - a potion of brilliance {unknown}
 n - a potion of curing {unknown}
 o - a potion of might {unknown}
Books
 c - a book of Changes

   Spells                             Type                      Level
   a - Beastly Appendage              Transmutation                1
   b - Sticks to Snakes               Transmutation                2
   c - Spider Form                    Transmutation/Poison         3
   d - Ice Form                       Ice/Transmutation            4
   e - Blade Hands                    Transmutation                5
Comestibles
 d - a bread ration


   Skills:
 + Level 1.6 Fighting
 - Level 1.5 Dodging
 + Level 7.8 Unarmed Combat
 - Level 2.1 Spellcasting
 - Level 3.2 Transmutations


You had 5 spell levels left.
You knew the following spells:

 Your Spells              Type           Power        Failure   Level  Hunger
s - Sticks to Snakes      Trmt           ##........   12%         2    ###....
S - Spider Form           Trmt/Pois      #.........   34%         3    ###....


Dungeon Overview and Level Annotations

Branches:
Dungeon (5/15)
 Temple: D:4-7

Altars:
Kikubaaqudgha

Annotations:
D:4 Dowan, Duvessa


Innate Abilities, Weirdness & Mutations

You have extremely sharp teeth.
You heal very quickly.
When hurt, damage is shared between your health and your magic reserves.
Your bite disrupts and absorbs the magic of your enemies.
Potions and wands cannot restore your health.
You are immune to rotting.


Message History

It was a scroll of immolation.
The orc priest completely misses you. The orc closely misses you.
Read which item? (? for menu, Esc to quit)
As you read the scroll labeled VUETZATIOPA, it crumbles to dust.
You feel strangely unstable.
It was a scroll of teleportation.
The orc priest misses you. The orc completely misses you.
The orc hits you with a short sword.
Drop what? 16/52 slots (_ for help) (? for menu, Esc to quit)
Okay, then.
The orc priest hits you.
* * * LOW HITPOINT WARNING * * *
The orc hits you but does no damage.
Your transformation has ended.
Your +0 robe unmelds from your body.
The orc priest explodes!
The fiery explosion engulfs the orc.
The orc explodes!
The fiery explosion engulfs you!
Ouch! That really hurt!
You die...

*,*****,****#.#
*,* *,* #.# *,*
*,* #.# *,* ***,*
#a# ****,* *,,,*
#o# ,,,,,* *,***
#.# ****** *,* #o#
********,#######§#
*,,,,,,,,.....§§@#
*,#*****,#########
#.# *,* ..# *,*
###*****,*
**,,,,,,,*
,,,*,***** **,,,*
*****


You could see a worker ant (inner flame), an orc priest (inner flame) and an orc
(inner flame).

Vanquished Creatures
  Pikel (D:4)
  A slave (D:4)
  An ogre (D:4)
  A hound skeleton (D:4)
  A worker ant zombie (D:4)
  A gnoll (D:3)
  Robin (D:4)
  An adder (D:3)
  2 orcs
  A ball python (D:1)
  2 bats (D:2)
  2 giant cockroaches (D:2)
  4 hobgoblins
  2 jackals (D:4)
  A giant gecko (D:2)
  A giant newt (D:1)
  4 goblins (D:4)
  3 kobolds
  6 rats
36 creatures vanquished.

Vanquished Creatures (collateral kills)
  An adder (D:2)
  A rat (D:3)
2 creatures vanquished.

Grand Total: 38 creatures vanquished

Notes
Turn   | Place    | Note
--------------------------------------------------------------
     0 | D:1      | Charly the Vine Stalker Transmuter began the quest for the Orb.
     0 | D:1      | Reached XP level 1. HP: 9/9 MP: 4/4
   224 | D:2      | Reached XP level 2. HP: 12/14 MP: 6/6
   228 | D:2      | Learned a level 2 spell: Sticks to Snakes
   242 | D:2      | Found an ancient bone altar of Kikubaaqudgha.
   486 | D:3      | Reached XP level 3. HP: 9/17 MP: 2/7
   500 | D:2      | Learned a level 3 spell: Spider Form
   576 | D:4      | Reached skill level 4 in Unarmed Combat
   576 | D:4      | Reached XP level 4. HP: 13/21 MP: 1/8
   582 | D:4      | Noticed Robin
   622 | D:4      | Noticed Dowan
   623 | D:4      | Noticed Duvessa
   626 | D:4      | Killed Robin
   690 | D:4      | Noticed Pikel
   690 | D:4      | Noticed a slave
   692 | D:4      | Noticed a slave
   692 | D:4      | Noticed a slave
   692 | D:4      | Noticed a slave
   711 | D:4      | Killed a slave
   718 | D:4      | Killed Pikel
   718 | D:4      | Reached skill level 7 in Unarmed Combat
   718 | D:4      | Reached XP level 5. HP: 7/25 MP: 1/9
   718 | D:4      | Gained mutation: You heal very quickly. [Vine Stalker growth]
   718 | D:4      | Reached XP level 6. HP: 8/29 MP: 1/10
   718 | D:4      | Reached XP level 7. HP: 8/32 MP: 1/11
   729 | D:5      | Entered Level 5 of the Dungeon
   752 | D:4      | Reached skill level 1 in Fighting
   773 | D:4      | Noticed an ogre
   798 | D:4      | Killed an ogre
   879 | D:4      | Killed from afar by an orc

Action                   |  1- 3 |  4- 6 |  7- 9 || total
-------------------------+-------+-------+-------++-------
Melee: Unarmed           |    72 |    27 |    20 ||   119
 Cast: Beastly Appendage |     1 |       |       ||     1
       Sticks to Snakes  |     2 |       |     2 ||     4
       Spider Form       |     2 |     3 |     3 ||     8
  Use: Scroll            |       |     1 |     7 ||     8
 Stab: Sleeping          |     1 |       |       ||     1
  Eat: Royal jelly       |     1 |       |       ||     1
       Pizza             |     1 |       |       ||     1
